 Dungeon Crawl Stone Soup version 0.29-a0-997-gf6f7e2dfe7 (webtiles) character file.

Game seed: 5298700125856106113

77 vurker the Shooter (level 4, 0/28 HPs)
             Began as a Tengu Hunter on Aug 4, 2022.
             Slain by an adder (2 damage)
             ... on level 3 of the Dungeon.
             The game lasted 00:01:35 (2045 turns).

vurker the Shooter (Tengu Hunter)                   Turns: 2045, Time: 00:01:35

Health: 0/28       AC:  3    Str: 13    XL:     4   Next: 34%
Magic:  5/5        EV: 13    Int:  9    God:
Gold:   160        SH:  0    Dex: 24    Spells: 3/3 levels left

rFire   . . .      SeeInvis .   a - +0 shortbow
rCold   . . .      Faith    .   (shield currently unavailable)
rNeg    . . .      Spirit   .   q - +1 robe "Isededoa" {Will+ Slay+3}
rPois   .          Reflect  .   (helmet restricted)
rElec   .          Harm     .   (no cloak)
rCorr   .          Rampage  .   (no gloves)
Will    ++...                   (boots unavailable)
Stlth   ++........              (no amulet)
HPRegen 0.09/turn               e - ring of willpower
MPRegen 0.09/turn               i - +6 ring of dexterity

@: lethally poisoned (0 -> -1)
A: beak, talons 3
a: no special abilities


You were on level 3 of the Dungeon.
You visited 1 branch of the dungeon, and saw 3 of its levels.

You collected 160 gold pieces.

Inventory:

Hand Weapons
 a - a +0 shortbow (weapon)
Armour
 q - the +1 robe "Isededoa" (worn) {Will+ Slay+3}
   (You found it on level 2 of the Dungeon)

   Slay:      It affects your accuracy & damage with ranged weapons and melee
   (+3).
   Will:      It increases your willpower.
Jewellery
 e - a ring of willpower (left hand)
   (You found it on level 1 of the Dungeon)
 i - a +6 ring of dexterity (right hand)
   (You found it on level 1 of the Dungeon)
Scrolls
 b - 7 scrolls of immolation
 d - 3 scrolls of identify {unknown}
 g - 2 scrolls of poison {unknown}
 h - a scroll of teleportation {unknown}
 l - a scroll of acquirement {unknown}
 n - a scroll of amnesia {unknown}
 o - a scroll of vulnerability {unknown}
 p - 2 scrolls of fog {unknown}
Potions
 c - a potion of heal wounds {unknown}
 f - 3 potions of mutation {unknown}
 j - a potion of brilliance {unknown}
 k - a potion of degeneration {unknown}
 m - 2 potions of curing {unknown}


   Skills:
 + Level 3.0 Fighting
 * Level 5.7 Ranged Weapons
 - Level 2.1 Dodging
 - Level 1.0 Stealth


You had 3 spell levels left.
You didn't know any spells.
Your spell library contained the following spells:

 Spells                   Type           Power      Damage    Failure   Level
 Slow                     Hex            0%         N/A       38%         1
 Confusing Touch          Hex            0%         N/A       77%         3
 Vampiric Draining        Necr           0%         2d6       77%         3


Dungeon Overview and Level Annotations

Branches:
Dungeon (3/15)

Altars:


Innate Abilities, Weirdness & Mutations

You have a beak for a mouth.
You have claws for feet.


Message History

Ijyb the Twisted Goblin comes into view.
She is wielding a +0 club and carrying a wand of mindburst (9).
Found 14 gold pieces.
You shoot an arrow. The arrow hits Ijyb.
You shoot an arrow. The arrow closely misses Ijyb.
No target in view!
No target in view!
You shoot an arrow. The arrow hits Ijyb.
You shoot an arrow. The arrow misses Ijyb.
Ijyb barely misses you.
You shoot an arrow. The arrow completely misses Ijyb.
You hear an angry hiss.
Ijyb hits you with a +0 club.
You shoot an arrow. The arrow closely misses Ijyb.
Ijyb barely misses you. Ijyb hits you with a +0 club.
You shoot an arrow. The arrow barely misses Ijyb.
Ijyb closely misses you.
You shoot an arrow. The arrow barely misses Ijyb.
An adder comes into view.
Ijyb barely misses you.
You shoot an arrow. The arrow barely misses Ijyb.
The adder barely misses you. Ijyb hits you with a +0 club. The adder bites you.
You shoot an arrow. The arrow hits Ijyb but does no damage.
Ijyb misses you. The adder bites you but does no damage.
You shoot an arrow. The arrow misses Ijyb.
The adder barely misses you. Ijyb closely misses you. The adder bites you.
Ijyb hits you with a +0 club.
* * * LOW HITPOINT WARNING * * *
Fire: a) +0 shortbow
Aim: Ijyb, wielding a +0 club, wearing a +0 leather armour and carrying a wand of mindburst (9) (moderately wounded, 64% to hit)
You shoot an arrow. The arrow barely misses Ijyb.
The adder bites you.
* * * LOW HITPOINT WARNING * * *
You are poisoned.
The adder poisons you! Ijyb closely misses you.
Fire: a) +0 shortbow
Aim: Ijyb, wielding a +0 club, wearing a +0 leather armour and carrying a wand of mindburst (9) (moderately wounded, 64% to hit)
You shoot an arrow. The arrow hits Ijyb!
You feel sick. The adder barely misses you. Ijyb hits you with a +0 club.
* * * LOW HITPOINT WARNING * * *
The adder closely misses you.
Unknown command.
Fire: a) +0 shortbow
Aim: Ijyb, wielding a +0 club, wearing a +0 leather armour and carrying a wand of mindburst (9) (almost dead, 64% to hit)
You shoot an arrow. The arrow closely misses Ijyb.
* * * LOW HITPOINT WARNING * * *
You feel sick. The adder barely misses you. Ijyb closely misses you.
Fire: a) +0 shortbow
Aim: Ijyb, wielding a +0 club, wearing a +0 leather armour and carrying a wand of mindburst (9) (almost dead, 64% to hit)
You shoot an arrow. The arrow hits Ijyb.
You kill Ijyb!
* * * LOW HITPOINT WARNING * * *
You feel sick. The adder closely misses you. The adder bites you.
You die...

### #
#.###################.#
#.....................#.
#.##############........
#.# #S####.#. #.# #@#
#.# #.)....# #.#
..#....# ..# ........#
..# .$#.# #.... ..#
...... .... #.# ..#.#.#
... #.# #... #.# ##
#.###


You could see an adder.

Vanquished Creatures
  Ijyb (D:3)
  An orc wizard (D:2)
  2 worms
  3 orcs
  2 ball pythons
  6 bats
  3 endoplasms
  3 giant cockroaches
  6 goblins
  3 hobgoblins
  3 kobolds
  2 quokkas (D:1)
  2 frilled lizards
  3 rats
40 creatures vanquished.

Notes
Turn   | Place    | Note
-------+----------+-------------------------------------------
     0 | D:1      | vurker the Tengu Hunter began the quest for the Orb.
     0 | D:1      | Reached XP level 1. HP: 12/12 MP: 2/2
   149 | D:1      | Reached XP level 2. HP: 17/17 MP: 3/3
   455 | D:1      | Reached skill level 5 in Ranged Weapons
   734 | D:2      | Reached XP level 3. HP: 22/22 MP: 4/4
  1042 | D:2      | Identified the +1 robe "Isededoa" {Will+ Slay+3}
  1360 | D:2      | Reached XP level 4. HP: 17/27 MP: 5/5
  1904 | D:3      | Found a faded altar of an unknown god.
  2029 | D:3      | Noticed Ijyb
  2045 | D:3      | Killed Ijyb
  2045 | D:3      | Slain by an adder

Illustrated notes

Levels and vault maps discovered:
D:1:      sevenhm_arrival_forest_fort_small_4, layout_basic,
          grunt_decor_junction, minmay_close_crescents
D:2:      layout_basic, serial_forest, infiniplex_forest_clump_tiny,
          infiniplex_forest_end_1, infiniplex_forest_pool,
          infiniplex_forest_lined_4_way, infiniplex_forest_end_3,
          infiniplex_forest_straight_4
D:3:      minmay_wonky_spiral, layout_basic, basic_ecumenical_altar,
          gammafunk_ghost_smash, uniq_ijyb

Skill      XL: |  1  2  3  4 |
---------------+-------------+-----
Ranged Weapons | 5 |  5.7
Fighting       | 3 |  3.0
Dodging        | |  2.1
Stealth        | |  1.0

Action                   |  1- 3 |  4- 6 || total
-------------------------+-------+-------++-------
 Fire: Shortbow          |    66 |    32 ||    98
Armor: Leather armour    |     4 |       ||     4
       Robe              |     3 |     4 ||     7
Dodge: Dodged            |    18 |    17 ||    35

Table legend: (Time is in decaauts)
 A = Elapsed time spent in this place.
 B = Non-inter-level travel time spent in this place.
 C = Inter-level travel time spent in this place.
 D = Time resting spent in this place.
 E = Time spent auto-exploring this place.
 F = Levels seen in this place.
 G = Mean time per level.
                   A        B        C        D        E       F      G
               +--------+--------+--------+--------+--------+-----+--------+
         Total |   2069 |   2018 |     51 |    166 |   1581 |   3 |  689.7 |
       Dungeon |   2069 |   2018 |     51 |    166 |   1581 |   3 |  689.7 |
               +--------+--------+--------+--------+--------+-----+--------+

Top non-repeatable levels by time:
     D:2: 912 daAuts
     D:1: 633 daAuts
     D:3: 524 daAuts
